 Dungeon Crawl Stone Soup version 0.23.0 (webtiles) character file.

Game seed: 8090774303985675189

186205 theswoord the Severer (level 17, -1/137 HPs)
             Began as a Demonspawn Gladiator on Feb 15, 2019.
             Was the Champion of Uskayaw.
             Shot with an arrow by a naga sharpshooter (10 damage)
             ... on level 3 of the Snake Pit.
             The game lasted 01:10:31 (32725 turns).

theswoord the Severer (Demonspawn Gladiator)       Turns: 32725, Time: 01:10:32

Health: -1/137     AC: 19    Str: 17    XL:     17   Next: 42%
Magic:  0/28       EV: 15    Int: 12    God:    Uskayaw [******]
Gold:   1946       SH:  0    Dex: 19    Spells: 16/16 levels left

rFire    + . .     SeeInvis +   a - +8 frozen axe "Frostbite" {freezing cloud, *Noise +Fly rC+}
rCold    + . .     Gourm    .   (shield currently unavailable)
rNeg     . . .     Faith    .   h - +0 swamp dragon scales
rPois    +         Spirit   +   B - +2 helmet {SInv}
rElec    +         Reflect  .   i - scarf {repulsion}
rCorr    .         Harm     .   q - +0 pair of gloves
MR       ++...                  (boots unavailable)
Stlth    +.........             d - amulet of guardian spirit
HPRegen  0.32/turn              s - +3 ring of slaying
MPRegen  0.21/turn              J - ring of Qeetroes {+Inv MR+ Dex+2 Slay+3 SInv}

@: lethally poisoned (-1 -> -4), repel missiles
A: talons 3, thin metallic scales 3, fire resistance 1, spiny 2, flame cloud
immunity
}: 1/15 runes: decaying
a: Stomp, Line Pass, Grand Finale, Renounce Religion, Evoke Invisibility, Evoke
Flight


You were on level 3 of the Snake Pit.
You worshipped Uskayaw.
Uskayaw was pleased with you.
You were near starving.

You visited 6 branches of the dungeon, and saw 31 of its levels.
You also visited: Sewer.

You collected 3404 gold pieces.
You spent 1458 gold pieces at shops.

Inventory:

Hand Weapons
 a - the +8 frozen axe "Frostbite" (weapon) {freezing cloud, *Noise +Fly rC+}
   (You acquired it on level 1 of the Lair of Beasts)

   It has been specially enchanted to freeze those struck by it, causing extra
   injury to most foes and up to half again as much damage against particularly
   susceptible opponents.
   It can also slow down cold-blooded creatures.
   It protects you from cold.
   It lets you fly.
   It may make noises in combat.
 n - a +7 hand axe of flaming
 D - a +2 battleaxe of chopping
Armour
 b - a +2 pair of boots of stealth
 h - +0 swamp dragon scales (worn)
 i - a scarf of repulsion (worn)
 q - a +0 pair of gloves (worn)
 x - a +0 troll leather armour
 B - a +2 helmet of see invisible (worn)
 K - a +0 pair of boots
Jewellery
 d - an amulet of guardian spirit (around neck)
 r - an uncursed ring of protection from magic
 s - a +3 ring of slaying (left hand)
 v - an uncursed ring of resist corrosion
 H - an uncursed amulet of rage
 J - the ring of Qeetroes (right hand) {+Inv MR+ Dex+2 Slay+3 SInv}
   (You found it on level 3 of the Lair of Beasts)

   [ring of protection from magic]

   It affects your dexterity (+2).
   It affects your accuracy and damage with ranged weapons and melee attacks
   (+3).
   It affects your resistance to hostile enchantments.
   It lets you see invisible.
   It lets you turn invisible.
 L - an uncursed amulet of the acrobat
 M - a +3 amulet of reflection
 O - an uncursed ring of protection from cold
 Q - an uncursed ring of wizardry
Wands
 m - a wand of scattershot (5)
 y - a wand of iceblast (31)
 C - a wand of acid (12)
 R - a wand of digging (6)
 S - a wand of paralysis (17)
Scrolls
 c - a scroll of brand weapon
 e - 6 scrolls of enchant armour
 k - 13 scrolls of remove curse
 l - a scroll of magic mapping
 p - 2 scrolls of fog
 u - a scroll of silence
 w - 2 scrolls of blinking
 z - 3 scrolls of enchant weapon
 A - 2 scrolls of vulnerability
 G - 6 scrolls of immolation
 I - 6 scrolls of identify
 U - a scroll of teleportation
Potions
 g - 3 potions of mutation
 j - a potion of might
 o - 7 potions of curing
 t - 11 potions of flight
 E - 3 potions of brilliance
 F - 2 potions of lignification
 N - 4 potions of invisibility
 P - a potion of berserk rage
 T - a potion of agility
 W - a potion of ambrosia
Comestibles
 f - 50 rations


   Skills:
 * Level 13.2 Fighting
 - Level 20.1 Axes
 - Level 1.7 Throwing
 + Level 11.2 Armour
 + Level 5.6 Dodging
 + Level 15.1 Invocations


You had 16 spell levels left.
You didn't know any spells.
Your spell library contained the following spells:

 Spells                   Type           Power        Failure   Level  Hunger
 Corona                   Hex            #......      45%         1    ##.....
 Flame Tongue             Conj/Fire      #....        45%         1    ##.....
 Magic Dart               Conj           #...         45%         1    ##.....
 Shock                    Conj/Air       #...         45%         1    ##.....
 Summon Butterflies       Summ           #.......     45%         1    ##.....
 Blink                    Tloc           N/A          61%         2    ###....
 Call Imp                 Summ           #.......     61%         2    ###....
 Corpse Rot               Necr           N/A          61%         2    ###....
 Ensorcelled Hibernation  Hex/Ice        #.....       61%         2    ###....
 Poisonous Vapours        Pois/Air       #.....       61%         2    ###....
 Searing Ray              Conj           #.....       61%         2    ###....
 Slow                     Hex            #.......     61%         2    ###....
 Sublimation of Blood     Necr           #.........   61%         2    ###....
 Swiftness                Chrm/Air       #.......     61%         2    ###....
 Call Canine Familiar     Summ           #.......     83%         3    ####...
 Confuse                  Hex            #.......     83%         3    ####...
 Conjure Flame            Conj/Fire      #.......     83%         3    ####...
 Dazzling Spray           Conj/Hex       #.....       83%         3    ####...
 Inner Flame              Hex/Fire       #.......     83%         3    ####...
 Mephitic Cloud           Conj/Pois/Air  #.......     83%         3    ####...
 Portal Projectile        Hex/Tloc       #.....       83%         3    ####...
 Static Discharge         Conj/Air       #.......     83%         3    ####...
 Tukima's Dance           Hex            #.......     83%         3    ####...
 Airstrike                Air            #.........   99%         4    #####..
 Cause Fear               Hex            #.........   99%         4    #####..
 Force Lance              Conj/Tloc      #.......     99%         4    #####..
 Fulminant Prism          Conj/Hex       #.........   99%         4    #####..
 Iskenderun's Mystic Bla  Conj           #.......     99%         4    #####..
 Leda's Liquefaction      Hex/Erth       #.........   99%         4    #####..
 Summon Ice Beast         Ice/Summ       #.......     99%         4    #####..
 Agony                    Necr           #.......     100%        5    ######.
 Bolt of Draining         Conj/Necr      #.........   100%        5    ######.
 Dispel Undead            Necr           #.......     100%        5    ######.
 Excruciating Wounds      Chrm/Necr      #.........   100%        5    ######.
 Lightning Bolt           Conj/Air       #.........   100%        5    ######.
 Summon Mana Viper        Hex/Summ       #.......     100%        5    ######.
 Bolt of Fire             Conj/Fire      #.........   100%        6    #######
 Freezing Cloud           Conj/Ice/Air   #.........   100%        6    #######
 Dragon Form              Tmut           #.........   100%        7    #######
 Ring of Flames           Chrm/Fire      #.........   100%        7    #######
 Summon Hydra             Summ           #.........   100%        7    #######
 Dragon's Call            Summ           #.........   100%        9    #######


Dungeon Overview and Level Annotations

Branches:
Dungeon (15/15)            Temple (1/1) D:7            Lair (6/6) D:10
  Swamp (4/4) Lair:2        Snake (3/4) Lair:4        Slime (0/5) Lair:5
    Orc (2/2) D:9             Elf (0/3) Orc:2        Vaults (0/5) D:14
 Depths (0/5) D:15

Altars:
Ashenzari
Cheibriados
Dithmenos
Elyvilon
Fedhas
Gozag
Hepliaklqana
Makhleb
Nemelex Xobeh
Okawaru
Qazlal
Ru
Trog
Uskayaw
Vehumet
Wu Jian
Xom
Yredelemnul
Zin
The Shining One

Shops:
D:8 ?   D:13 [   Orc:2 %?}:=   Snake:1 (   Snake:2 }}=

Annotations:
D:2 exclusion: oklob plant
Lair:2 exclusion: oklob plant
Lair:5 exclusion: 4 oklob plants


Innate Abilities, Weirdness & Mutations

You have claws for feet.
You are completely covered in thin metallic scales. (AC +4, rElec)
Your flesh is heat resistant. (rF+)
You are mostly covered in sharp spines.
You are immune to clouds of flame.


Message History

You kill the naga!
You completely miss the nagaraja. You barely miss the naga warrior.
You slice the naga warrior!! You freeze the naga warrior!
You feel sick.
The nagaraja hits you but does no damage.
The naga warrior hits you with a +0 flail!
* * * LOW HITPOINT WARNING * * *
The guardian serpent misses you.
The naga warrior is engulfed in freezing vapours.
The naga warrior is struck by your spines.
The naga warrior hits you with a +0 scimitar!
* * * LOW HITPOINT WARNING * * *
You barely miss the naga warrior. Your kick misses the naga warrior.
You barely miss the guardian serpent. You hit the nagaraja but do no damage.
You hit the naga warrior. You freeze the naga warrior.
You feel sick. The guardian serpent hits you!
* * * LOW HITPOINT WARNING * * *
The nagaraja hits you with a +0 spear!
* * * LOW HITPOINT WARNING * * *
The naga sharpshooter shoots an arrow.
The arrow hits you!
You die...

.. ...... ...
##..... ....
$.....#
....###.....#
..../.......#
....N.....#
#.S)N...#
#.#@NS..#
##.N☼§...#
####......!##
##....#.....#
.......)..###
#.....<..#
####.....#
##..†...#
########


You could see 2 naga warriors, a nagaraja, a naga sharpshooter, an anaconda and
a guardian serpent.

Vanquished Creatures
  Nikola (Swamp:2)
  Jorgrun (Swamp:3)
  Rupert (D:13)
  Asterion (Snake:1)
  A thorn hunter (Swamp:4)
  Nessos (D:13)
  Snorg (Orc:1)
  The ghost of Arum the Cleaver, a journeyman MiGl of Okawaru (D:12)
  A yaktaur captain (D:15)
  Erolcha (D:10)
  A catoblepas (Lair:4)
  3 shambling mangroves
  33 hydras
  2 ghost crabs (Swamp:2)
  3 naga warriors
  A merfolk avatar (Lair:6)
  6 two-headed ogres
  5 centaur warriors
  9 alligators
  7 anacondas
  A spriggan berserker (Swamp:4)
  3 orc high priests (Orc:2)
  Urug (Orc:1)
  8 naga sharpshooters
  A shock serpent (Snake:2)
  5 spriggans
  A salamander mystic (Snake:2)
  3 unseen horrors
  4 sea snakes
  A spriggan druid (Swamp:2)
  6 swamp dragons
  A wizard (D:14)
  A harpy (Lair:6)
  2 naga ritualists (Snake:2)
  11 ugly things
  9 orc knights
  5 orc sorcerers
  6 mana vipers
  10 deep elf magi
  2 oklob plants
  A cyclops (D:15)
  5 salamanders
  5 manticores
  12 black mambas
  2 elephants
  3 centaur zombies
  4 naga magi
  5 centaur skeletons
  20 spiny frogs
  2 gargoyles
  2 torpor snails
  2 kobold demonologists
  2 rime drakes (Lair:6)
  12 komodo dragons
  An efreet (D:14)
  7 trolls
  A meliai (shapeshifter) (D:14)
  A queen bee (D:9)
  15 blink frogs
  5 polar bears
  13 hornets
  6 tyrant leeches
  13 bog bodies
  4 dream sheep (Lair:6)
  12 hippogriffs
  22 slime creatures
  Sigmund (D:2)
  2 shadows
  A wraith (D:11)
  A vampire (D:15)
  16 humans (D:14)
  6 wyverns
  24 yaks
  A hungry ghost (D:15)
  Eustachio (D:5)
  10 basilisks
  16 vampire mosquitoes
  A warg (Orc:1)
  15 swamp worms
  16 insubstantial wisps
  20 nagas
  2 acid dragons
  14 water moccasins
  8 porcupines
  22 orc warriors
  2 ice beasts
  10 swamp drakes
  3 black bears
  2 phantoms
  A necrophage (D:7)
  An eye of draining (D:12)
  19 centaurs
  6 sky beasts
  14 crocodiles
  7 ogres
  14 big kobolds
  12 bullfrogs
  A gnoll sergeant (D:9)
  A wyvern skeleton (D:11)
  4 scorpions
  A hornet simulacrum (D:14)
  30 killer bees
  7 wights
  10 electric eels
  7 crimson imps
  A bullfrog zombie (D:12)
  3 quasits
  5 hounds
  24 orc priests
  3 jellies
  15 orc wizards
  A bullfrog skeleton (D:10)
  7 worker ants
  4 iguanas
  4 hell rats (Lair:5)
  2 hound zombies
  3 hound skeletons
  22 gnolls
  A howler monkey skeleton (D:4)
  9 adders
  2 river rats (D:4)
  An ooze (Sewer)
  3 adder skeletons
  An adder zombie (D:7)
  6 worms
  2 dart slugs
  14 leopard geckos
  88 orcs
  17 bats
  4 giant cockroaches
  12 goblins
  14 hobgoblins
  15 jackals
  17 kobolds
  4 quokkas
  3 ball pythons
  7 frilled lizards
  A jackal skeleton (D:4)
  A quokka skeleton (D:4)
  2 quokka zombies
  10 rats
  2 briar patches (Swamp:4)
  A fungus (Lair:6)
  2 plants
1000 creatures vanquished.

Vanquished Creatures (others)
  3 briar patches (Swamp:4)
  A fungus (D:10)
  19 plants
23 creatures vanquished.

Grand Total: 1023 creatures vanquished

Notes
Turn   | Place    | Note
-------+----------+-------------------------------------------
     0 | D:1      | theswoord the Demonspawn Gladiator began the quest for the
                  | Orb.
     0 | D:1      | Reached XP level 1. HP: 16/16 MP: 1/1
    31 | D:1      | Reached skill level 3 in Axes
   396 | D:1      | Gained mutation: You are partially covered in thin metallic
                  | scales. (AC +2) [demonic ancestry]
   396 | D:1      | Reached XP level 2. HP: 20/22 MP: 2/2
   938 | D:1      | Gained mutation: You are partially covered in sharp spines.
                  | [demonic ancestry]
   938 | D:1      | Reached XP level 3. HP: 27/27 MP: 3/3
   992 | D:1      | Reached skill level 4 in Axes
  1575 | D:2      | Reached XP level 4. HP: 28/33 MP: 4/4
  1593 | D:2      | Noticed Sigmund
  1639 | D:2      | Killed Sigmund
  1639 | D:2      | Reached skill level 6 in Axes
  1639 | D:2      | Reached XP level 5. HP: 29/38 MP: 5/5
  1664 | D:2      | Found a stormy altar of Qazlal.
  1704 | D:2      | Reached XP level 6. HP: 30/44 MP: 6/6
  1877 | D:2      | Found a sacrificial altar of Ru.
  2074 | D:2      | Found a blossoming altar of Fedhas.
  2085 | D:2      | Noticed an oklob plant
  2697 | D:3      | Found a hazy altar of Hepliaklqana.
  3255 | D:4      | Reached skill level 7 in Axes
  3450 | D:4      | Found a glowing drain.
  3472 | Sewer    | Entered a sewer
  3481 | Sewer    | Gained mutation: You are mostly covered in thin metallic
                  | scales. (AC +3) [demonic ancestry]
  3481 | Sewer    | Reached XP level 7. HP: 50/50 MP: 7/7
  3788 | D:4      | Found a shattered altar of Ashenzari.
  4067 | D:4      | Found a radiant altar of Vehumet.
  4404 | D:5      | Entered Level 5 of the Dungeon
  4404 | D:5      | Noticed Eustachio
  4423 | D:5      | Killed Eustachio
  4423 | D:5      | Reached skill level 8 in Axes
  4453 | D:5      | Identified the cursed +0 spear of Crawling {freeze, rElec
                  | MP+9 Int+4}
  5090 | D:5      | Noticed a moth of wrath
  5093 | D:5      | Found a bloodstained altar of Trog.
  5153 | D:6      | Noticed a cyan ugly thing
  5268 | D:6      | Reached skill level 9 in Axes
  5268 | D:6      | Gained mutation: You are completely covered in thin
                  | metallic scales. (AC +4, rElec) [demonic ancestry]
  5268 | D:6      | Reached XP level 8. HP: 29/56 MP: 8/8
  5886 | D:6      | Reached skill level 10 in Axes
  5996 | D:6      | Killed a green ugly thing
  5996 | D:6      | Reached skill level 11 in Axes
  5996 | D:6      | Reached XP level 9. HP: 20/61 MP: 9/9
  6572 | D:6      | Found an iron altar of Okawaru.
  7035 | D:7      | Found an ornate altar of the Wu Jian Council.
  7035 | D:7      | Found a white marble altar of Elyvilon.
  7184 | D:7      | Found a shimmering altar of Xom.
  7384 | D:7      | Found an opulent altar of Gozag.
  7419 | D:7      | Found a glowing silver altar of Zin.
  7699 | D:7      | Found a staircase to the Ecumenical Temple.
  7994 | Temple   | Entered the Ecumenical Temple
  8017 | Temple   | Became a worshipper of Uskayaw the Reveler
  8052 | D:8      | Reached * piety under Uskayaw
  8057 | D:8      | Reached ** piety under Uskayaw
  8093 | D:8      | Reached skill level 12 in Axes
  8173 | D:8      | Reached *** piety under Uskayaw
  8327 | D:8      | Identified a scroll of acquirement
  8631 | D:8      | Found Asuder's Magic Scroll Shop.
  8701 | D:8      | Found a snail-covered altar of Cheibriados.
  9250 | D:9      | Reached **** piety under Uskayaw
  9252 | D:9      | Reached skill level 13 in Axes
  9286 | D:9      | Noticed an eight-headed hydra
  9293 | D:9      | Gained mutation: You are mostly covered in sharp spines.
                  | [demonic ancestry]
  9293 | D:9      | Reached XP level 10. HP: 49/67 MP: 10/10
  9299 | D:9      | Reached ***** piety under Uskayaw
  9301 | D:9      | Killed a two-headed hydra
  9635 | D:9      | Found a staircase to the Orcish Mines.
  9850 | D:9      | Reached ****** piety under Uskayaw
 10227 | D:9      | Reached skill level 14 in Axes
 10590 | D:9      | Reached skill level 1 in Invocations
 10615 | D:9      | Reached skill level 1 in Armour
 10729 | D:10     | Entered Level 10 of the Dungeon
 10854 | D:10     | Noticed an elephant
 10854 | D:10     | Noticed a two-headed ogre
 10880 | D:10     | Killed a two-headed ogre
 10890 | D:10     | Killed an elephant
 11311 | D:10     | Found a staircase to the Lair.
 11325 | D:10     | Gained mutation: Your flesh is heat resistant. (rF+)
                  | [demonic ancestry]
 11325 | D:10     | Reached XP level 11. HP: 50/77 MP: 14/14
 11591 | D:10     | Noticed Erolcha
 11601 | D:10     | Killed Erolcha
 11601 | D:10     | Reached skill level 5 in Invocations
 11697 | D:10     | Reached skill level 5 in Fighting
 11772 | D:10     | Noticed a two-headed ogre
 11784 | D:10     | Killed a two-headed ogre
 12041 | D:10     | Noticed an unseen horror
 12047 | D:10     | Killed an unseen horror
 12065 | D:10     | Reached skill level 5 in Armour
 12169 | D:10     | Found a shattered altar of Ashenzari.
 12173 | D:10     | Saw a vision of the Swamp and the Snake Pit.
 12173 | D:10     | Noticed a shock serpent
 12173 | D:10     | Noticed an alligator
 12173 | D:10     | Noticed an alligator
 12173 | D:10     | Noticed an alligator
 12174 | D:10     | Noticed an alligator
 12574 | Lair:1   | Entered Level 1 of the Lair of Beasts
 13471 | Lair:2   | Found a staircase to the Swamp.
 13627 | Lair:2   | Gained mutation: You have sharp toenails. [demonic
                  | ancestry]
 13627 | Lair:2   | Reached XP level 12. HP: 91/91 MP: 18/18
 14403 | Lair:3   | Got a clouded wooden ring
 14404 | Lair:3   | Identified the ring of Qeetroes {+Inv MR+ Dex+2 Slay+3
                  | SInv} (You found it on level 3 of the Lair of Beasts)
 15009 | Lair:4   | Reached skill level 10 in Invocations
 15093 | Lair:4   | Found a staircase to the Snake Pit.
 15220 | Lair:4   | Noticed a catoblepas
 15246 | Lair:4   | Killed a catoblepas
 15874 | Lair:5   | Noticed an eight-headed hydra
 15883 | Lair:5   | Killed a five-headed hydra
 16052 | Lair:5   | Noticed a five-headed hydra
 16059 | Lair:5   | Killed a two-headed hydra
 16262 | Lair:5   | Found a hide-covered altar of Uskayaw.
 16265 | Lair:5   | Noticed a six-headed hydra
 16276 | Lair:5   | Killed a three-headed hydra
 16673 | Lair:5   | Noticed an eight-headed hydra
 16681 | Lair:5   | Killed a five-headed hydra
 16681 | Lair:5   | Gained mutation: You have razor-sharp toenails. [demonic
                  | ancestry]
 16681 | Lair:5   | Reached XP level 13. HP: 54/101 MP: 21/21
 16847 | Lair:5   | Found a staircase to the Slime Pits.
 17170 | Lair:6   | Entered Level 6 of the Lair of Beasts
 17170 | Lair:6   | Found a glowing golden altar of the Shining One.
 17324 | Lair:6   | Reached skill level 10 in Fighting
 18029 | Lair:6   | Reached skill level 10 in Armour
 18610 | Lair:1   | Found the +8 frozen axe "Frostbite" {freezing cloud, *Noise
                  | +Fly rC+}
 18679 | Orc:1    | Entered Level 1 of the Orcish Mines
 18705 | Orc:1    | Noticed Urug
 18890 | Orc:1    | Killed Urug
 18890 | Orc:1    | Reached XP level 14. HP: 72/113 MP: 24/24
 19184 | Orc:1    | Noticed Snorg
 19199 | Orc:1    | Killed Snorg
 19292 | Orc:2    | Entered Level 2 of the Orcish Mines
 19650 | Orc:2    | Found Niluriun's Jewellery Emporium.
 19670 | Orc:2    | Reached skill level 15 in Axes
 20003 | Orc:2    | Found a staircase to the Elven Halls.
 20048 | Orc:2    | Found Xoyl's Book Shop.
 20505 | Orc:2    | Found Ojeiposk's Food Emporium.
 20506 | Orc:2    | Found Hionix's Magic Scroll Shop.
 20516 | Orc:2    | Found Mostregrez's Gadget Shop.
 20537 | Orc:2    | Bought a scroll of acquirement for 728 gold pieces
 20537 | Orc:2    | Bought a scroll of brand weapon for 280 gold pieces
 20888 | Orc:2    | Bought an uncursed amulet of guardian spirit for 450 gold
                  | pieces
 21207 | D:11     | Found a snail-covered altar of Cheibriados.
 21688 | D:12     | Reached skill level 16 in Axes
 21737 | D:12     | Found a runed translucent door.
 21737 | D:12     | Noticed Arum's ghost (journeyman MiGl)
 22256 | D:12     | Killed Arum's ghost
 22598 | D:13     | Noticed Nessos
 22603 | D:13     | Killed Nessos
 23030 | D:13     | Reached XP level 15. HP: 119/119 MP: 25/25
 23063 | D:13     | Found Nipsueka's Armour Shop.
 23079 | D:13     | Reached skill level 17 in Axes
 23202 | D:13     | Noticed Rupert
 23206 | D:13     | Killed Rupert
 23726 | D:14     | Found a gate to the Vaults.
 23924 | D:14     | Reached skill level 18 in Axes
 24218 | D:15     | Entered Level 15 of the Dungeon
 24379 | D:15     | Found a staircase to the Depths.
 25473 | Swamp:1  | Entered Level 1 of the Swamp
 26617 | Swamp:2  | Reached skill level 19 in Axes
 26683 | Swamp:2  | Noticed Nikola
 26709 | Swamp:2  | Killed Nikola
 26709 | Swamp:2  | Gained mutation: You are immune to clouds of flame.
                  | [demonic ancestry]
 26709 | Swamp:2  | Reached XP level 16. HP: 69/125 MP: 13/26
 26858 | Swamp:2  | HP: 5/125 [spriggan rider/+0 spear (15)]
 26859 | Swamp:2  | HP: 2/125 [spriggan rider/+0 spear (6)]
 26861 | Swamp:2  | Paralysed by a hornet for 1 turns
 27776 | Swamp:3  | Noticed Jorgrun
 27996 | Swamp:3  | Killed Jorgrun
 28079 | Swamp:3  | Reached skill level 20 in Axes
 28782 | Swamp:4  | Entered Level 4 of the Swamp
 28864 | Swamp:4  | Noticed a thorn hunter
 30286 | Swamp:4  | Got a decaying rune of Zot
 30428 | Swamp:4  | Killed a thorn hunter
 31098 | Snake:1  | Entered Level 1 of the Snake Pit
 31116 | Snake:1  | Noticed Asterion
 31330 | Snake:1  | Gained mutation: You have claws for feet. [demonic
                  | ancestry]
 31330 | Snake:1  | Reached XP level 17. HP: 106/135 MP: 21/27
 31373 | Snake:1  | Found Bexzog's Weapon Shop.
 31717 | Snake:1  | Killed Asterion
 31820 | Snake:2  | Reached skill level 5 in Dodging
 32250 | Snake:2  | Reached skill level 15 in Invocations
 32659 | Snake:2  | Found Kaakly's Jewellery Boutique.
 32659 | Snake:2  | Found Duthu's Gadget Emporium.
 32660 | Snake:2  | Found Dedin's Gadget Emporium.
 32725 | Snake:3  | Shot with an arrow by a naga sharpshooter

Skill      XL: |  1  2  3  4  5  6  7  8  9 10 11 12 13 14 15 16 17 |
---------------+----------------------------------------------------+-----
Axes           | 3 4 6 7 9 11 13 14 16 19 20 | 20.1
Invocations    | 4 9 11 13 14 15 | 15.1
Armour         | 3 6 8 10 11 | 11.2
Fighting       | 4 7 9 11 12 13 | 13.2
Dodging        | 4 5 |  5.6
Throwing       | |  1.7

Action                   |  1- 3 |  4- 6 |  7- 9 | 10-12 | 13-15 | 16-18 || total
-------------------------+-------+-------+-------+-------+-------+-------++-------
Melee: War axe           |    91 |       |       |       |       |       ||    91
       Hand axe          |    10 |   121 |   366 |   534 |   364 |       ||  1395
       Kick              |       |       |       |    98 |    72 |    31 ||   201
       Executioner's axe |       |       |       |       |   416 |   350 ||   766
Throw: Throwing net      |       |     1 |       |       |       |       ||     1
Invok: Line Pass         |       |       |       |       |     1 |       ||     1
Evoke: Wand              |       |       |       |       |       |     4 ||     4
  Use: Potion            |       |     3 |     4 |    12 |    11 |     7 ||    37
       Scroll            |       |     4 |    15 |    10 |    14 |    12 ||    55
 Stab: Invisible         |       |       |     2 |       |       |       ||     2
       Paralysed         |       |       |     6 |    74 |   118 |    42 ||   240
       Petrified         |       |       |       |     2 |       |       ||     2
       Sleeping          |       |       |       |     1 |     7 |     1 ||     9
       Distracted        |       |       |       |       |     3 |       ||     3
  Eat: Chunk             |     2 |     6 |    19 |    23 |    30 |     9 ||    89
       Ration            |       |       |       |       |     1 |     3 ||     4
Armor: Leather armour    |    27 |     5 |       |       |       |       ||    32
       Skin              |       |    16 |       |       |       |    24 ||    40
       Chain mail        |       |    58 |   187 |   116 |       |       ||   361
       Troll leather arm |       |       |       |    61 |   268 |   103 ||   432
       Swamp dragon scal |       |       |       |       |       |   116 ||   116
Dodge: Dodged            |    80 |    31 |   117 |   162 |   377 |   263 ||  1030
       Deflected         |       |       |    11 |    10 |    26 |    23 ||    70
Block: Other             |       |       |       |       |    27 |       ||    27
       Reflection        |       |       |       |       |     2 |       ||     2

Levels and vault maps discovered:
D:1:      dpeg_arrival_morbid_curiosity, layout_basic, serial_co_window_serial,
          co_window_paths_a, co_window_paths_b, co_window_of_opportunity_a,
          co_window_paths_a, co_window_paths_a, co_window_paths_a,
          co_window_of_opportunity_a, co_window_paths_b,
          co_window_of_opportunity_a, co_window_corner_cb,
          co_window_unsneaky_path_b, co_window_of_opportunity_c,
          glass_columns_a, glass_columns_a, glass_columns_a, glass_columns_b,
          glass_columns_b, minmay_domino_4
D:2:      layout_basic, lemuel_doored_altar, nicolae_qazlal_general_emergency,
          tgw_fedhas, uniq_sigmund
D:3:      layout_loops_ring, lemuel_crystal_altar, minmay_misc_feat_iff,
          minmay_door_square, minmay_close_crescents
D:4:      minmay_door_path, layout_loops_ring, vehumet_crystals,
          nicolae_overflow_hidden_temple, first_ration, portal_sewer_entry_b,
          chequers_serial_rivers_large_a
D:5:      layout_rooms, tgw_trog, uniq_eustachio
D:6:      layout_basic, kennysheep_mini_moat
D:7:      layout_basic, grunt_temple_overflow_gold_and_silver,
          gammafunk_temple_overflow_elements,
          minmay_temple_entry_gardened_gates, basic_altar
D:8:      layout_gridville, slow_altar_2, serial_shops, shop, kennysheep_boxes
D:9:      layout_cave_pods, david_orc_3, david_nohive_1
D:10:     layout_loops_corners, david_lair_generic, special_room
          [special_room_kobold], hangedman_decor_opposing,
          grunt_ashenzari_visionary [grunt_ashenzari_visionary_swamp,
          grunt_ashenzari_visionary_snake], uniq_erolcha
D:11:     layout_roguey, basic_altar
D:12:     layout_irregular_city, hellmonk_ghost_happy_afterlife
D:13:     layout_basic, serial_shops, shop, uniq_rupert, uniq_nessos
D:14:     layout_layer_cave, david_vaults_3, minmay_misc_feat_columns,
          minivault_24
D:15:     grunt_enter_depths_snipers, layout_basic, minmay_misc_feat_square
Temple:   eino_wide_crystal_templ
Lair:1:   layout_small_grid, lemuel_fruit_tree, grunt_megastairs_3
Lair:2:   minmay_lair_oklob_tunnel, layout_cave_pods, skrybe_swamp_entry_bodies
Lair:3:   layout_big_grid, infiniplex_staircase_pool
Lair:4:   layout_regular_city, guppyfry_snake_entry_island,
          kennysheep_basilisk_garden, lemuel_fruit_fields
Lair:5:   layout_cave_pods, slime_dummy, basic_altar, wad_woods_river_03,
          serial_bayou_ford_a, serial_bayou_pond_e, minmay_lair_oklob_chamber
Lair:6:   gammafunk_lair_ancient_temple, layout_cave_pods, lemuel_oklob_altar
Swamp:1:  layout_falls_marsh, nicolae_swamp_triple_paths
Swamp:2:  layout_basic_swamp, hangedman_swamp_lotus, swamp_pool4,
          hangedman_swamp_blocks, uniq_nikola
Swamp:3:  layout_falls_marsh, nicolae_swamp_fairy_circle, swamp_pool1,
          statue_in_the_mist_lemuel, uniq_jorgrun
Swamp:4:  swamp_basic_johnstein, layout_basic_swamp, swamp_pool1
Snake:1:  layout_rooms, serial_shops, nicolae_shop_stone, serial_bayou_shore_a,
          uniq_asterion
Snake:2:  layout_gridlike, special_room, hangedman_snake_wide_pillar_pass,
          minmay_shop_grove
Snake:3:  kennysheep_snake, layout_misc_corridors,
          nicolae_snake_salamander_stairs
Orc:1:    layout_caves, uniq_snorg, uniq_urug
Orc:2:    st_orc_elflike, layout_caves, serial_shops, shop, elves_outpost_lemuel
Sewer:    sewer_fruit_machine
